 Dungeon Crawl Stone Soup version 0.30-a0-782-ge64f9170bb (console) character file.

Game seed: 1409714867859968642

2409389 rlgrobin the Merry Demigod (level 27, 228/228 HPs)
             Began as a Demigod Wanderer on Feb 21, 2023.
             Escaped with the Orb
             ... and 4 runes on Feb 22, 2023!
             The game lasted 03:04:24 (69915 turns).

rlgrobin the Merry Demigod (Demigod Wanderer)      Turns: 69915, Time: 03:04:24

Health: 228/228    AC: 24    Str: 18    XL:     27
Magic:  51/51      EV: 57    Int: 23    God:
Gold:   5658       SH:  9    Dex: 51    Spells: 35/53 levels left

rFire   + . .      SeeInvis +    b - +9 triple crossbow (heavy)
rCold   + . .      Faith    .    (shield currently unavailable)
rNeg    . . .      Spirit   +    f - +4 moon troll leather armour {Spirit, Regen++ MP+5}
rPois   .          Reflect  +    r - +2 hat {SInv}
rElec   .          Harm     .    W - +4 dragonskin cloak
rCorr   .          Rampage  .    T - +2 pair of gloves "Fogruor" {Drain Fly Str+5}
Will    ++...                    o - +1 pair of boots of Distant Shores {Int+3 Dex+4 Slay+2}
Stlth   ++                       n - amulet of Diwnot {Reflect Fly SH+5}
HPRegen 2.18/turn                q - ring of Onwot {rC+ Int+6}
MPRegen 0.32/turn                F - ring of protection from fire

@: flying, studying Long Blades
A: high MP 1, forlorn, divine attributes, fangs 1, hooves 2, large bone plates
1, frail 1, weak 1, sturdy frame 1
0: Orb of Zot
}: 4/15 runes: barnacled, slimy, silver, gossamer
a: no special abilities


You escaped.
You visited 11 branches of the dungeon, and saw 55 of its levels.
You visited the Abyss 1 time.
You visited 1 ziggurat, and saw 12 of its levels.
You also visited: Bailey, Volcano, Wizlab and Desolation.

You collected 12197 gold pieces.
You spent 6539 gold pieces at shops.

Inventory:

Hand Weapons
 a - a +8 antimagic arbalest
 b - a +9 heavy triple crossbow (weapon)
 M - the +7 captain's cutlass {speed, disarm}
   (You found it on level 5 of the Vaults)
Missiles
 s - 7 throwing nets
Armour
 f - the +4 moon troll leather armour (worn) {Spirit, Regen++ MP+5}
   (You took it off a moon troll in a wizard's laboratory)

   MP:        It affects your magic capacity (+5).
   Regen:     It increases your rate of health regeneration.
 o - the +1 pair of boots of Distant Shores (worn) {Int+3 Dex+4 Slay+2}
   (You found it on level 3 of the Elven Halls)

   Int:       It affects your intelligence (+3).
   Dex:       It affects your dexterity (+4).
   Slay:      It affects your accuracy & damage with ranged weapons and melee
   (+2).
 r - a +2 hat of see invisible (worn)
 T - the +2 pair of gloves "Fogruor" (worn) {Drain Fly Str+5}
   (You found it on level 4 of the Spider Nest)

   Str:       It affects your strength (+5).
   Fly:       It grants you flight.
   Drain:     It drains your maximum health when unequipped.
 W - the +4 dragonskin cloak (worn)
   (You took it off Tiamat on level 4 of the Realm of Zot)

   Avatar's Aegis: It grants the wearer a chance to resist fire, cold, poison,
   electricity, acid, and negative energy.
Jewellery
 g - a ring of poison resistance
 l - the ring "Tauzimuo" {Wiz rC+ Dex+4 Stlth-}
   (You found it on level 3 of a ziggurat)

   [ring of wizardry]

   It improves your spell success rate.
   Dex:       It affects your dexterity (+4).
   rC:        It protects you from cold.
   Stlth:     It makes you less stealthy.
 n - the amulet of Diwnot (around neck) {Reflect Fly SH+5}
   (You found it in the Desolation of Salt)

   [amulet of reflection]

   It reflects blocked missile attacks.
   Fly:       It grants you flight.
   SH:        It affects your SH (+5).
 q - the ring of Onwot (left hand) {rC+ Int+6}
   (You found it on level 1 of the Realm of Zot)

   [ring of intelligence]

   Int:       It affects your intelligence (+6).
   rC:        It protects you from cold.
 D - a +6 ring of dexterity
 F - a ring of protection from fire (right hand)
 Z - the amulet "Vohutz" {RegenMP rElec rN+ Will+}
   (You found it in the Desolation of Salt)

   [amulet of magic regeneration]

   It increases your rate of magic regeneration.
   rElec:     It insulates you from electricity.
   rN:        It protects you from negative energy.
   Will:      It increases your willpower.
Wands
 e - a wand of paralysis (26)
 h - a wand of polymorph (17)
 m - a wand of iceblast (44)
 E - a wand of acid (4)
 S - a wand of digging (4)
Scrolls
 c - 7 scrolls of fog
 j - 4 scrolls of magic mapping
 A - 4 scrolls of silence
 B - 6 scrolls of enchant armour
 H - 22 scrolls of teleportation
 J - 3 scrolls of butterflies
 R - 9 scrolls of fear
Potions
 d - 2 potions of resistance
 i - 17 potions of flight
 k - 14 potions of brilliance
 p - 6 potions of ambrosia
 v - 8 potions of might
 w - 6 potions of cancellation
 z - 8 potions of magic
 C - 27 potions of curing
 G - 19 potions of heal wounds
 K - 2 potions of haste
 L - 4 potions of invisibility
 P - 7 potions of mutation
Miscellaneous
 t - a phantom mirror
 U - a condenser vane
 V - a box of beasts
 X - a phial of floods


   Skills:
 + Level 22.2 Fighting
 - Level 1.7 Staves
 O Level 27 Ranged Weapons
 - Level 13.1 Armour
 + Level 22.7 Dodging
 - Level 3.2 Stealth
 - Level 13.6 Spellcasting
 - Level 14.8 Hexes
 - Level 12.7 Translocations
 - Level 11.3 Evocations


You had 35 spell levels left.
You knew the following spells:

 Your Spells              Type           Power      Damage    Failure   Level
a - Portal Projectile     Hex/Tloc       100%       N/A       1%          3
b - Leda's Liquefaction   Hex/Erth       24%        N/A       1%          4
c - Passage of Golubria   Tloc           65%        N/A       1%          4
d - Blink                 Tloc           100%       N/A       1%          2
e - Silence               Hex/Air        24%        N/A       4%          5

Your spell library contained the following spells:

 Spells                   Type           Power      Damage    Failure   Level
 Slow                     Hex            100%       N/A       0%          1
 Ensorcelled Hibernation  Hex/Ice        98%        N/A       1%          2
 Lesser Beckoning         Tloc           100%       N/A       1%          2
 Momentum Strike          Conj/Tloc      88%        3d10      1%          2
 Confusing Touch          Hex            71%        N/A       1%          3
 Dazzling Flash           Conj/Hex       98%        N/A       1%          3
 Gell's Gravitas          Tloc           65%        N/A       1%          3
 Inner Flame              Hex/Fire       49%        N/A       1%          3
 Kindle Blastsparks       Fire/Tloc/Air  70%        2d15      1%          3
 Teleport Other           Tloc           65%        N/A       1%          3
 Tukima's Dance           Hex            71%        N/A       1%          3
 Cause Fear               Hex            35%        N/A       1%          4
 Fulminant Prism          Conj/Hex       24%        3d12      1%          4
 Manifold Assault         Tloc           65%        N/A       1%          4
 Iskenderun's Mystic Bla  Conj/Tloc      44%        2d10      2%          4
 Beastly Appendage        Tmut           30%        N/A       3%          1
 Foxfire                  Conj/Fire      60%        2x1d7     3%          1
 Freeze                   Ice            60%        1d7       3%          1
 Kiss of Death            Conj/Necr      60%        2d10      3%          1
 Magic Dart               Conj           60%        1d6       3%          1
 Necrotise                Necr           60%        1d7       3%          1
 Sandblast                Erth           30%        2d9       3%          1
 Shock                    Conj/Air       60%        1d6       3%          1
 Sting                    Tmut/Pois      60%        1d6       3%          1
 Dispersal                Tloc           32%        N/A       3%          6
 Metabolic Englaciation   Hex/Ice        24%        N/A       4%          5
 Summon Mana Viper        Hex/Summ       49%        N/A       4%          5
 Yara's Violent Unravell  Hex/Tmut       24%        3d11      4%          5
 Call Imp                 Summ           15%        N/A       6%          2
 Cigotuvi's Dreadful Rot  Necr/Pois/Air  30%        N/A       6%          2
 Passwall                 Tmut/Erth      12%        N/A       6%          2
 Poisonous Vapours        Pois/Air       30%        N/A       6%          2
 Searing Ray              Conj           30%        2d5       6%          2
 Static Discharge         Conj/Air       30%        2-4/arc   6%          2
 Sublimation of Blood     Necr           15%        N/A       6%          2
 Wereblood                Tmut           15%        N/A       6%          2
 Call Canine Familiar     Summ           15%        N/A       12%         3
 Frozen Ramparts          Ice            30%        1d5       12%         3
 Hailstorm                Conj/Ice       15%        3d5       12%         3
 Ignite Poison            Fire/Tmut/Pois 15%        N/A       12%         3
 Mephitic Cloud           Conj/Pois/Air  15%        N/A       12%         3
 Ozocubu's Armour         Ice            15%        N/A       12%         3
 Spider Form              Tmut/Pois      15%        N/A       12%         3
 Stone Arrow              Conj/Erth      30%        3d8       12%         3
 Swiftness                Air            15%        N/A       12%         3
 Vampiric Draining        Necr           15%        2d7       12%         3
 Airstrike                Air            7%         2d(2-18)  36%         4
 Animate Armour           Summ/Erth      30%        N/A       36%         4
 Animate Dead             Necr           15%        N/A       36%         4
 Dispel Undead            Necr           15%        3d10      36%         4
 Ice Form                 Ice/Tmut       15%        N/A       36%         4
 Olgreb's Toxic Radiance  Pois           15%        N/A       36%         4
 Petrify                  Tmut/Erth      15%        N/A       36%         4
 Sticky Flame             Conj/Fire      15%        2d4       36%         4
 Summon Ice Beast         Ice/Summ       15%        N/A       36%         4
 Summon Lightning Spire   Summ/Air       15%        N/A       36%         4
 Discord                  Hex            35%        N/A       50%         8
 Agony                    Necr           15%        N/A       71%         5
 Blade Hands              Tmut           7%         N/A       71%         5
 Borgnjor's Vile Clutch   Necr/Erth      7%         N/A       71%         5
 Fireball                 Conj/Fire      7%         3d5       71%         5
 Freezing Cloud           Conj/Ice/Air   7%         6-21      71%         5
 Irradiate                Conj/Tmut      7%         3d14      71%         5
 Iskenderun's Battlesphe  Conj           15%        2d7       71%         5
 Lee's Rapid Deconstruct  Erth           7%         3d7*      71%         5
 Lightning Bolt           Conj/Air       7%         1d20      71%         5
 Disjunction              Tloc           32%        N/A       80%         8
 Malign Gateway           Summ/Tloc      22%        N/A       94%         7
 Conjure Ball Lightning   Conj/Air       7%         3x3d6     99%         6
 Death Channel            Necr           7%         N/A       99%         6
 Eringya's Noxious Bog    Tmut/Pois      7%         N/A       99%         6
 Iron Shot                Conj/Erth      7%         9d2       99%         6
 Simulacrum               Ice/Necr       7%         N/A       99%         6
 Starburst                Conj/Fire      7%         6d4       99%         6
 Monstrous Menagerie      Summ           7%         N/A       100%        7
 Orb of Destruction       Conj           7%         9d6       100%        7
 Ozocubu's Refrigeration  Ice            7%         4d9       100%        7
 Spellforged Servitor     Conj/Summ      7%         N/A       100%        7
 Storm Form               Tmut/Air       7%         N/A       100%        7
 Ignition                 Fire           7%         3d5       100%        8
 Lehudib's Crystal Spear  Conj/Erth      7%         10d3      100%        8
 Necromutation            Tmut/Necr      7%         N/A       100%        8
 Summon Horrible Things   Summ           7%         N/A       100%        8
 Chain Lightning          Conj/Air       7%         3d10      100%        9
 Fire Storm               Conj/Fire      7%         8d2       100%        9
 Polar Vortex             Ice            7%         N/A       100%        9
 Shatter                  Erth           7%         3d10*     100%        9


Dungeon Overview and Level Annotations

Branches:
Dungeon (15/15)            Temple (0/1) D:7            Lair (5/5) D:10
 Shoals (4/4) Lair:2       Spider (4/4) Lair:3        Slime (5/5) Lair:4
    Orc (2/2) D:12            Elf (3/3) Orc:2        Vaults (5/5) D:14
  Crypt (3/3) Vaults:2       Tomb (0/3) Crypt:3      Depths (4/4) D:15
    Zot (5/5) Depths:4     Bailey (visited)         Volcano (visited)
 WizLab (visited)         Desolation (visited)

Shops:
D:5 :   Orc:1 *   Orc:2 (=?*   Elf:1 (   Elf:2 :   Shoals:2 =   Vaults:1 (
Vaults:4 ?   Depths:1 *

Portals:
Hell: Depths:1 Depths:2 Depths:3 Depths:4
Abyss: Depths:2 Depths:3 Depths:4
Pandemonium: Orc:2 Depths:2 Depths:4

Annotations:
Depths:4 2 transporters
Zot:4 1 runed translucent door, Flugkiller's ghost, adept FeRe


Innate Abilities, Weirdness & Mutations

You have an increased reservoir of magic. (+10% MP)
You shall have no god before yourself.
Your divine heritage dramatically boosts your attributes as you level up.
You have very sharp teeth.
You have hoof-like feet.
You are partially covered in large bone plates. (SH +4)
You are frail. (-10% HP)
You are weak. (Str -2)
Your movements are slightly less encumbered by armour. (ER -2)


Message History

A rakshasa and a centaur come into view.
You shoot a bolt. The bolt hits the rakshasa!!!
The rakshasa is severely wounded.
You shoot a bolt. The bolt hits the rakshasa!!
You kill the rakshasa!
The centaur wields a +0 shortbow.
The centaur shoots an arrow.
The arrow misses you.
You shoot a bolt. The bolt hits the centaur!!!!
You kill the centaur!
No target in view!
(D) Dungeon (T) Temple (L) Lair (A) Shoals (N) Spider Nest (M) Slime Pits (O) Orcish Mines (E) Elven Halls (V) Vaults (C) Crypt (W) Tomb (U) Depths (H) Hell (Z) Zot
Where to? (Enter - D:1 @ (x,y), ? - help)
Things that are here:
a +0 robe; a +0 trident
There is a stone staircase leading up here.
You fly upwards.
There is a stone staircase leading down here.
There is a stone staircase leading up here.
You fly upwards.
There is a stone staircase leading down here.
There is a stone staircase leading up here.
You fly upwards.
There is a stone staircase leading down here.
There is a stone staircase leading up here.
You fly upwards.
A toenail golem comes into view.
There is a stone staircase leading down here.
You shoot a bolt. The bolt hits the toenail golem!!!!
You destroy the toenail golem!
Done exploring.
There is a staircase leading out of the dungeon here.
You are flying.
You are studying Long Blades.
Your flying speed is average.
Your attack delay is about 1.5 (and cannot be improved with additional weapon skill).
Your damage rating with your +9 heavy triple crossbow is about 186 (Base [23 + 18 (Hvy)] x 202% (Dex) x 211% (Skill) + 11 (Ench + Slay)).
Your base attributes are Str 15, Int 14, Dex 47.
Unknown command.
You have escaped!

.#.....##....####....))##########
.#.....#......###...##.#.........
##.....#..##...#....##†..........
.........####.......##...........
.........# ##.....#####.........
.........# ##..### #.........
..###..#.## ##..# ###.........
..# #..#..#####...# ##.#.........
..# #..##...##..@.###....#.....##
#.# ##.###...#.........#...###.#
..# #....###...###.####..### #.##
#####.#...###..########.## #...
....#.#.........##......######...
....#.###.......##.###...........
........#.#......................
.###.................)...........
^# #.....[.....>.................


There were no monsters in sight!

Vanquished Creatures
  the Royal Jelly (Slime:5)
  7 dread liches
  6 ancient liches
  Tiamat (Zot:4)
  6 orbs of fire
  Mara (Vaults:2)
  A juggernaut (Depths:4)
  Josephina (Depths:4)
  Vv (Zot:3)
  Sojobo (Crypt:1)
  5 curse toes
  4 Killer Klowns
  Margery (Vaults:3)
  13 golden dragons
  5 pandemonium lords
  An iron giant (Depths:1)
  2 Brimstone Fiends
  A Hell Sentinel (D:13)
  Jorgrun (Elf:1)
  2 electric golems (Zot:5)
  20 tentacled monstrosities
  A moon troll (WizLab)
  5 titans
  26 Orb Guardians
  11 liches
  3 quicksilver dragons
  2 deep elf blademasters (Elf:3)
  27 acid blobs
  4 deep elf master archers
  3 ancient champions
  7 tentacled starspawn (WizLab)
  2 death cobs
  5 sphinxes
  15 storm dragons
  An Executioner (Depths:4)
  Polyphemus (Shoals:4)
  14 shadow dragons
  6 tengu reavers
  19 azure jellies
  Donald (Spider:1)
  10 rockslimes
  4 draconian monks
  6 draconian knights
  2 revenants (Crypt:3)
  An imperial myrmidon (Desolation)
  12 fire giants
  A balrug (Zot:3)
  20 vault wardens
  12 frost giants
  Louise (D:15)
  2 iron dragons
  An orc warlord (Zig:6)
  11 emperor scorpions
  12 ghost moths
  A spectral caustic shrike (Crypt:3)
  A draconian shifter (Zot:4)
  7 draconian scorchers
  2 draconian annihilators (Zot:3)
  5 deep elf sorcerers
  35 very ugly things
  The ghost of Ycluddol the Basher, a journeyman HOMo of Ashenzari (Orc:1)
  6 draconian stormcallers
  The ghost of sanka the Wrestler, a journeyman TrMo of Okawaru (Depths:1)
  Aizul (Spider:1)
  2 reapers (D:15)
  A deep elf elementalist (Elf:3)
  5 ghouls
  5 curse skulls
  11 quicksilver oozes
  2 cacodemons (WizLab)
  12 ironbound preservers
  5 war gargoyles
  3 broodmothers
  4 spriggan defenders
  10 green draconians
  11 ironbound thunderhulks
  19 stone giants
  8 vampire knights
  7 deep elf demonologists
  Nessos (Orc:2)
  2 halazid warlocks (Desolation)
  14 white draconians
  13 black draconians
  A bunyip (Zig:3)
  The ghost of theswoord the Basher, a journeyman DsGl of Jiyva (Lair:3)
  6 deep elf annihilators
  10 spark wasps
  6 yellow draconians
  10 dire elephants
  10 purple draconians
  A lorocyproca (Depths:4)
  2 demonspawn black suns (Zig:4)
  12 deep elf death magi
  9 red draconians
  A bunyip (shapeshifter) (Vaults:5)
  9 eidola
  A spectral iron giant (Crypt:3)
  11 ettins
  3 crystal guardians
  4 merfolk javelineers
  8 fire dragons
  5 merfolk impalers
  2 green deaths (Zig:10)
  4 ice dragons
  6 ragged hierophants (Desolation)
  5 deep elf high priests
  17 yaktaur captains
  11 great orbs of eyes
  6 jiangshi
  A mummy priest (Zig:1)
  A great orb of eyes (shapeshifter) (Depths:2)
  31 vault guards
  5 rakshasas
  8 entropy weavers
  A hell beast (Zot:3)
  4 hydras
  A spectral spriggan (Crypt:3)
  7 peacekeepers (Desolation)
  12 servants of whispers (Desolation)
  2 demonspawn (Orc:2)
  A ghost crab (Zig:3)
  2 catoblepae
  5 ogre magi
  5 radroaches
  4 spriggan air magi
  A jorogumo (shapeshifter) (Vaults:5)
  7 ironbound frosthearts
  An Orb Guardian zombie (Crypt:2)
  6 boulder beetles
  19 centaur warriors
  2 death knights (Crypt:1)
  2 jorogumos
  5 merfolk aquamancers
  5 satyrs
  A spectral stone giant (Crypt:3)
  35 dancing weapons
  6 deep troll shamans
  2 alligator snapping turtles
  An alligator (Zig:10)
  A tengu warrior (Depths:1)
  A death scarab (Spider:3)
  12 two-headed ogres
  10 deep troll earth magi
  2 death yaks (Shoals:4)
  4 spriggan berserkers
  24 spriggans
  7 vampire magi
  8 orc high priests
  5 hell knights
  3 soul eaters
  3 sun demons
  A spectral storm dragon (Crypt:3)
  A fire crab (shapeshifter) (D:11)
  22 deep elf knights
  13 skeletal warriors
  5 iron trolls
  A sun moth (Spider:2)
  A fire crab (Lair:2)
  3 orange crystal statues
  4 pharaoh ants
  A storm dragon skeleton (Crypt:1)
  7 shadow wraiths
  11 sea snakes
  5 skysharks
  8 flayed ghosts
  7 glowing orange brains
  A swamp dragon (Zig:10)
  2 spriggan druids (Zig:10)
  28 deep trolls
  10 orb spiders
  A shadow dragon zombie (Crypt:2)
  12 steelbarb worms
  A spectral iron dragon (Crypt:3)
  3 obsidian statues
  12 wizards
  16 deep elf archers
  A spriggan simulacrum (Depths:4)
  5 lindwurms
  A bog body (Crypt:2)
  33 phantasmal warriors
  16 ironbound convokers
  10 harpies
  26 deep elf pyromancers
  40 deep elf zephyrmancers
  2 mana vipers (shapeshifter)
  5 necromancers
  A salamander (D:15)
  19 cyclopes
  8 fauns
  33 ugly things
  8 orc sorcerers
  7 shining eyes
  8 orc knights
  23 wolf spiders
  9 manticores
  3 will-o-the-wisps (Zig:10)
  28 moths of wrath
  A salamander (shapeshifter) (D:13)
  7 eyes of devastation
  6 toenail golems
  5 merfolk sirens
  20 elephants
  2 rust devils
  A guardian serpent (Desolation)
  3 ice statues
  A guardian serpent (shapeshifter) (Zig:11)
  2 molten gargoyles (Desolation)
  4 water nymphs
  9 black mambas
  A stone giant skeleton (Crypt:3)
  15 vault sentinels
  A gargoyle (D:10)
  2 rime drakes
  18 cane toads
  8 unseen horrors
  A cane toad (shapeshifter) (D:14)
  9 demonic crawlers
  A sea snake zombie (Crypt:3)
  2 hellions
  2 torpor snails
  8 kobold demonologists
  3 ice devils
  A tormentor (Zig:12)
  37 yaktaurs
  A black draconian skeleton (Crypt:2)
  A tengu conjurer (D:14)
  9 freezing wraiths
  10 komodo dragons
  3 guardian mummies
  A harpy zombie (Crypt:2)
  13 trolls
  A mana viper zombie (Crypt:3)
  7 meliai
  29 merfolk
  A hellwing (Depths:2)
  A red devil (D:9)
  10 tarantellas
  A shadow dragon simulacrum (Depths:4)
  56 saltlings (Desolation)
  15 hornets
  Prince Ribbit (D:5)
  6 wind drakes
  29 blink frogs
  12 polar bears
  A sphinx simulacrum (Depths:4)
  2 spriggan zombies (Zig:5)
  A hydra skeleton (Crypt:2)
  A tarantella (shapeshifter) (Vaults:5)
  8 dream sheep
  10 snapping turtles
  31 jumping spiders
  A guardian serpent zombie (Crypt:1)
  5 air elementals
  An ettin zombie (Crypt:3)
  A culicivora zombie (Crypt:1)
  A boulder beetle zombie (Crypt:2)
  21 culicivoras
  10 flying skulls
  A jumping spider (shapeshifter) (Elf:2)
  6 large abominations
  The ghost of zero the Magician, an amateur DEEE of Vehumet (D:6)
  A culicivora (shapeshifter) (D:15)
  12 shadows
  A slime creature zombie (Crypt:2)
  123 slime creatures
  7 wraiths
  6 wyverns
  2 ushabtiu (Zig:5)
  21 water elementals
  2 vampires
  An ettin skeleton (Crypt:3)
  3 fire bats (Lair:3)
  54 yaks
  A ynoxinul (D:13)
  3 starcursed masses (WizLab)
  4 neqoxecs
  7 basilisks
  2 fire elementals
  16 golden eyes
  41 redbacks
  11 chaos spawn
  4 vampire mosquitoes (D:12)
  A demonspawn zombie (Crypt:1)
  A faun zombie (Crypt:3)
  4 steam dragons
  A naga (shapeshifter) (Depths:2)
  A two-headed ogre zombie (Crypt:1)
  A warg (Vaults:5)
  A deep troll zombie (Crypt:1)
  17 water moccasins
  3 acid dragons
  4 small abominations
  A floating eye (Slime:5)
  An entropy weaver zombie (Crypt:1)
  45 orc warriors
  An ice beast (D:6)
  2 sky beasts
  15 black bears
  2 deep troll skeletons (Crypt:1)
  3 boggarts (Lair:5)
  30 wolves
  A blink frog skeleton (Crypt:2)
  14 centaurs
  17 ogres
  2 phantoms
  7 kobold brigands
  13 bullfrogs
  2 glowing shapeshifter simulacra (Depths:4)
  A gnoll sergeant (D:11)
  A komodo dragon skeleton (Crypt:3)
  A rime drake skeleton (Crypt:3)
  4 earth elementals
  A necrophage (Crypt:2)
  2 scorpions
  8 wights
  A raiju zombie (Crypt:3)
  2 troll skeletons
  5 electric eels
  2 howler monkeys
  A quasit (D:9)
  4 jellies (Lair:4)
  20 orc priests
  2 hounds
  3 gnoll boudas
  A centaur skeleton (Crypt:1)
  Ijyb (D:4)
  4 iguanas
  20 orc wizards
  Terence (D:2)
  5 mummies (Zig:5)
  Robin (D:2)
  5 adders
  22 gnolls
  2 shadow imps
  2 white imps
  4 worms
  4 dart slugs
  81 orcs
  6 ball pythons
  3 bats (D:1)
  6 endoplasms
  4 giant cockroaches
  21 goblins
  16 hobgoblins
  3 jackals (D:4)
  18 kobolds
  8 quokkas
  A ball python skeleton (Crypt:1)
  A ball python zombie (Crypt:1)
  3 frilled lizards
  A goblin skeleton (Crypt:2)
  11 rats
  A bush (D:10)
  2 pillars of salt (Elf:2)
  7 starspawn tentacles (WizLab)
2724 creatures vanquished.

Vanquished Creatures (others)
  A merfolk javelineer (Shoals:4)
  A merfolk aquamancer (Shoals:4)
  A merfolk (Shoals:4)
  A bloated husk (Zig:3)
  2 saltlings (Desolation)
  A hornet (Zig:3)
  A spriggan (Zig:3)
  2 bushes (D:10)
  A butterfly (D:14)
  5 demonic plants
  24 foxfires (Zig:10)
  33 fungi
  54 plants
  12 starspawn tentacles (WizLab)
139 creatures vanquished.

Grand Total: 2863 creatures vanquished

Notes
Turn   | Place    | Note
-------+----------+-------------------------------------------
     0 | D:1      | rlgrobin the Demigod Wanderer began the quest for the Orb.
     0 | D:1      | rlgrobin set off with the following items: a +3 sling, a +0
                  | quarterstaff, a scroll of fog, a +0 robe.
     0 | D:1      | Reached XP level 1. HP: 16/16 MP: 3/3
    29 | D:1      | Reached skill level 4 in Ranged Weapons
    29 | D:1      | Reached XP level 2. HP: 8/23 MP: 4/4
   450 | D:1      | Reached XP level 3. HP: 28/28 MP: 5/5
   936 | D:2      | Noticed Terence
   971 | D:2      | Noticed Robin
  1117 | D:2      | Reached skill level 5 in Ranged Weapons
  1260 | D:2      | Killed Robin
  1261 | D:2      | Reached XP level 4. HP: 35/35 MP: 6/6
  1280 | D:2      | Got the Codex of the Chilling Jinx
  1660 | D:3      | Reached skill level 6 in Ranged Weapons
  1660 | D:3      | Reached XP level 5. HP: 19/40 MP: 7/7
  1850 | D:3      | Identified a scroll of acquirement
  1978 | D:3      | Acquired 656 gold pieces
  3042 | D:4      | Reached skill level 7 in Ranged Weapons
  3042 | D:4      | Reached XP level 6. HP: 47/47 MP: 8/8
  3516 | D:4      | Reached skill level 8 in Ranged Weapons
  3800 | D:4      | Noticed Ijyb
  3811 | D:4      | Killed Ijyb
  3812 | D:4      | Reached XP level 7. HP: 45/52 MP: 9/9
  4331 | D:2      | Killed Terence
  4497 | D:5      | Entered Level 5 of the Dungeon
  4744 | D:5      | Noticed Prince Ribbit
  4753 | D:5      | Killed Prince Ribbit
  4877 | D:5      | Found Peblyheg's Self-Improvement Boutique.
  5320 | D:5      | Reached XP level 8. HP: 59/59 MP: 10/10
  5332 | D:5      | Reached skill level 9 in Ranged Weapons
  6202 | D:6      | Found a runed translucent door.
  6207 | D:6      | Noticed zero's ghost (amateur DEEE)
  6420 | D:6      | Found a runed translucent door.
  6567 | D:7      | Found a staircase to the Ecumenical Temple.
  6870 | D:7      | Reached skill level 10 in Ranged Weapons
  7606 | D:8      | Reached XP level 9. HP: 60/68 MP: 11/11
  7855 | D:8      | Found a flagged portal.
  7858 | D:8      | Noticed a kobold demonologist
  7873 | D:8      | Noticed a kobold demonologist
  7874 | D:8      | Killed a kobold demonologist
  7918 | D:7      | Killed a kobold demonologist
  7929 | D:8      | Reached skill level 5 in Dodging
  7947 | D:8      | Noticed a kobold demonologist
  7979 | D:8      | Killed a kobold demonologist
  7980 | D:8      | Reached skill level 11 in Ranged Weapons
  8030 | Bailey   | Entered a bailey
  8600 | Bailey   | Noticed an orc knight
  8643 | Bailey   | Killed an orc knight
  8644 | Bailey   | Reached skill level 1 in Evocations
  9019 | Bailey   | Noticed a kobold demonologist
  9038 | Bailey   | Noticed a smoke demon
  9040 | Bailey   | Noticed a sixfirhy
  9042 | Bailey   | Killed a kobold demonologist
  9043 | Bailey   | Reached XP level 10. HP: 19/80 MP: 13/13
  9297 | Bailey   | Noticed an orc high priest
  9306 | Bailey   | Noticed a sixfirhy
  9313 | Bailey   | Killed an orc high priest
  9507 | Bailey   | Acquired a +2 antimagic arbalest
  9716 | Bailey   | Reached skill level 13 in Ranged Weapons
  9716 | Bailey   | Reached XP level 11. HP: 85/85 MP: 4/14
  9760 | Bailey   | Noticed an orc knight
  9774 | Bailey   | Killed an orc knight
 10749 | D:8      | Reached skill level 5 in Fighting
 11386 | D:5      | Bought a manual of Ranged Weapons for 1120 gold pieces
 11544 | D:9      | Noticed a two-headed ogre
 11892 | D:9      | Noticed a soul eater
 12092 | D:9      | Killed a two-headed ogre
 12093 | D:9      | Reached skill level 14 in Ranged Weapons
 12200 | D:9      | Noticed a sun demon
 12209 | D:9      | Killed a sun demon
 12897 | D:10     | Entered Level 10 of the Dungeon
 13263 | D:10     | Reached skill level 15 in Ranged Weapons
 13697 | D:10     | Found a staircase to the Lair.
 13714 | D:10     | Reached XP level 12. HP: 97/97 MP: 5/15
 14051 | Lair:1   | Entered Level 1 of the Lair of Beasts
 14098 | Lair:1   | Reached skill level 16 in Ranged Weapons
 14232 | Lair:1   | Reached skill level 10 in Dodging
 14876 | Lair:1   | Reached skill level 17 in Ranged Weapons
 14965 | Lair:1   | Identified the +0 morningstar of Joyful Slaughter {protect,
                  | *Corrode Str+4 Dex+5}
 15119 | Lair:1   | Identified the +0 ring mail "Orotseurr" {+Inv rElec Int+4
                  | Stlth+}
 15652 | Lair:2   | Reached XP level 13. HP: 104/104 MP: 5/16
 15681 | Lair:2   | Reached skill level 18 in Ranged Weapons
 16678 | Lair:2   | Found a staircase to the Shoals.
 16933 | Lair:3   | Found a dark tunnel.
 16944 | Volcano  | Entered a volcano
 17365 | Lair:3   | Found a transporter.
 17378 | Lair:3   | Noticed theswoord's ghost (journeyman DsGl)
 17431 | Lair:3   | Found a transporter.
 17748 | Lair:3   | Found a hole to the Spider Nest.
 18396 | Lair:4   | Found a staircase to the Slime Pits.
 18508 | Lair:4   | Reached skill level 10 in Fighting
 19018 | Lair:5   | Entered Level 5 of the Lair of Beasts
 19041 | Lair:5   | Reached XP level 14. HP: 121/121 MP: 5/17
 20275 | Lair:5   | Acquired a +2 cloak of preservation
 21540 | D:12     | Found a staircase to the Orcish Mines.
 21987 | D:12     | Identified the +1 ring mail of Integrity {rC+}
 22105 | D:12     | Reached skill level 5 in Armour
 22408 | D:13     | Identified the +0 robe of Vupn {-Tele rElec rF+ Slay+4}
 23044 | D:14     | Reached XP level 15. HP: 125/129 MP: 6/18
 23525 | D:14     | Found a gate to the Vaults.
 23824 | Orc:1    | Entered Level 1 of the Orcish Mines
 23891 | Orc:2    | Entered Level 2 of the Orcish Mines
 23920 | Orc:2    | Found a staircase to the Elven Halls.
 23988 | Orc:1    | Found a large runed translucent door.
 23989 | Orc:1    | Found a large runed translucent door.
 23999 | Orc:1    | Noticed Ycluddol's ghost (journeyman HOMo)
 24486 | Orc:2    | Noticed Nessos
 24502 | Orc:2    | Killed Nessos
 24610 | Orc:2    | Found Zolir's General Store.
 24636 | Orc:2    | Found Kiubb's Magic Scroll Boutique.
 24653 | Orc:2    | Bought a scroll of blinking for 112 gold pieces
 24719 | Orc:1    | Found Giugofuff's General Store.
 25425 | Orc:2    | Reached skill level 15 in Dodging
 25434 | Orc:2    | Found Kunum's Jewellery Emporium.
 25434 | Orc:2    | Found Xukkogaq's Antique Weapon Shoppe.
 25436 | Orc:2    | Found a one-way gate leading to the halls of Pandemonium.
 25724 | Orc:2    | Bought a scroll of acquirement for 780 gold pieces
 25726 | Orc:2    | Acquired a +3 heavy triple crossbow
 25899 | D:15     | Entered Level 15 of the Dungeon
 26177 | D:15     | Noticed Louise
 26187 | D:15     | Killed Louise
 26508 | D:15     | Found a staircase to the Depths.
 26936 | Shoals:1 | Entered Level 1 of the Shoals
 27064 | Shoals:1 | Identified the +5 leather armour of Untruth {rN+ rCorr
                  | Slay+4}
 27079 | Shoals:1 | Identified the +6 ring mail of Viutixot {-Tele Dex+5}
 27090 | Shoals:1 | Identified the +1 rapier of Change {holy, rC+}
 27120 | Shoals:1 | Identified the +1 mace "Hell-Harrower" {heavy, rF+++}
 27132 | Shoals:1 | Identified the +0 trident "Jakhej" {freeze, rElec rC+ Will+
                  | Dex+2}
 27892 | D:5      | Bought a manual of Ranged Weapons for 1120 gold pieces
 28124 | Shoals:2 | Reached skill level 19 in Ranged Weapons
 28396 | Shoals:2 | Found Ufykh's Jewellery Shop.
 28791 | Shoals:3 | Reached XP level 16. HP: 122/143 MP: 6/19
 28944 | Shoals:3 | Reached skill level 20 in Ranged Weapons
 29558 | Shoals:4 | Entered Level 4 of the Shoals
 29582 | Shoals:4 | Reached skill level 21 in Ranged Weapons
 29711 | Shoals:4 | Noticed Polyphemus
 29825 | Shoals:4 | Killed Polyphemus
 29967 | Shoals:4 | Identified the +2 mace "Impbane" {spect, Int+4}
 30081 | Shoals:4 | Identified the +2 barding "Ryafithu" {Contam rF++ rN+++
                  | Slay+3}
 30141 | Shoals:4 | Reached skill level 22 in Ranged Weapons
 30353 | Shoals:4 | Got a barnacled rune of Zot
 30518 | Shoals:4 | Identified the +0 chain mail of Wocket {Drain rElec rCorr}
 30905 | Spider:1 | Entered Level 1 of the Spider Nest
 31263 | Spider:1 | Noticed Aizul
 31266 | Spider:1 | Noticed Donald
 31269 | Spider:1 | Killed Aizul
 31282 | Spider:1 | Killed Donald
 32212 | Spider:2 | Identified the +8 falchion of Jiudd {drain, Will- Str+7
                  | SInv}
 33040 | Spider:3 | Reached skill level 23 in Ranged Weapons
 33177 | Spider:3 | Identified the +6 arbalest of Dianuulopt {flame, Drain rN+
                  | Str+2 Int+5}
 33264 | Spider:3 | Reached XP level 17. HP: 149/149 MP: 6/20
 34067 | Spider:3 | Identified the +0 robe "Ciff" {Contam rElec rPois Archmagi}
 34626 | Spider:4 | Entered Level 4 of the Spider Nest
 35174 | Spider:4 | Reached skill level 24 in Ranged Weapons
 36397 | Spider:4 | Identified the +2 pair of gloves "Fogruor" {Drain Fly
                  | Str+5}
 36447 | Spider:4 | Got a gossamer rune of Zot
 36929 | Orc:2    | Bought a scroll of enchant weapon for 112 gold pieces
 37102 | D:6      | Killed zero's ghost
 37514 | Orc:1    | Killed Ycluddol's ghost
 37769 | Vaults:1 | Entered Level 1 of the Vaults
 37834 | Vaults:1 | Found Bicor's Weapon Shop.
 37915 | Vaults:1 | Found a magical portal.
 38016 | WizLab   | Entered Lehudib's Moon Base
 38224 | WizLab   | Found a transporter.
 38252 | WizLab   | Reached XP level 18. HP: 144/157 MP: 7/21
 39060 | WizLab   | Found a transporter.
 39166 | WizLab   | Identified the +1 hand axe of the End {heavy, Fragile rElec
                  | Str+3}
 39520 | WizLab   | Reached skill level 5 in Evocations
 39608 | WizLab   | Identified the +6 flail of Slime {antimagic, Stlth+}
 39611 | WizLab   | Identified the +1 helmet "Juruoris" {-Tele rN+ Str+7}
 40620 | Vaults:2 | Noticed Mara
 40622 | Vaults:2 | Killed Mara
 40874 | Vaults:2 | Found a staircase to the Crypt.
 41240 | Vaults:2 | Reached XP level 19. HP: 167/167 MP: 22/22
 42070 | Vaults:3 | Reached skill level 25 in Ranged Weapons
 42242 | Vaults:3 | Noticed Margery
 42252 | Vaults:3 | Killed Margery
 42963 | Abyss:2  | Cast into level 2 of the Abyss (a wizard)
 42990 | Vaults:4 | Escaped the Abyss
 43080 | Vaults:4 | Reached skill level 26 in Ranged Weapons
 43577 | Vaults:4 | Found Lagic's Magic Scroll Emporium.
 43601 | Vaults:4 | Bought a scroll of teleportation for 57 gold pieces
 43601 | Vaults:4 | Bought a scroll of blinking for 142 gold pieces
 44201 | Elf:1    | Entered Level 1 of the Elven Halls
 44208 | Elf:1    | Reached skill level 15 in Fighting
 44377 | Elf:1    | Reached XP level 20. HP: 178/178 MP: 24/24
 44434 | Elf:1    | Noticed Jorgrun
 44447 | Elf:1    | Killed Jorgrun
 44575 | Elf:1    | Got Sif Muna's Spellbook of the Generative Discharge
 44597 | Elf:1    | Found Qimielil's Weapon Shoppe.
 45268 | Elf:2    | Found a crumbling gateway.
 45275 | Elf:2    | Found Tuomnah's Book Shoppe.
 45307 | Desolati | Entered the Desolation of Salt
 45481 | Desolati | Identified the +7 long sword "Osoingul" {freeze, rF+ rCorr
                  | Stlth-}
 45481 | Desolati | Identified the +1 robe of Integrity {rCorr Str+3 Int+3
                  | Dex+3}
 45634 | Desolati | Identified the +6 whip of Feomo {venom, rF+}
 45705 | Desolati | Identified the +3 scale mail of Plog {Int+2 Stlth+}
 45707 | Desolati | Identified the amulet "Vohutz" {RegenMP rElec rN+ Will+}
 45719 | Desolati | Got the Atlas of Profane Rituals
 45775 | Desolati | Identified the ring "Bica" {Fire rN+ MP+9}
 45783 | Desolati | Identified the +2 helmet "Qoiph" {Str+2}
 45788 | Desolati | Identified the amulet of Diwnot {Reflect Fly SH+5}
 45809 | Desolati | Learned a level 3 spell: Portal Projectile
 45814 | Desolati | Learned a level 4 spell: Leda's Liquefaction
 45825 | Desolati | Got the Notes on Unholy Charms
 45877 | Desolati | Got the Directory of Fire and Haze
 45886 | Desolati | Identified the +1 scimitar of the Warrior-Mage {venom,
                  | *Slow rPois rN+ Str+2}
 45973 | Desolati | Reached skill level 1 in Hexes
 45973 | Desolati | Reached skill level 1 in Translocations
 46119 | Elf:2    | Reached skill level 1 in Spellcasting
 46212 | Elf:2    | Found a huge runed translucent gate.
 46212 | Elf:2    | Found a huge runed translucent gate.
 46225 | Elf:2    | Found a huge runed translucent gate.
 46228 | Elf:2    | Found a huge runed translucent gate.
 46228 | Elf:2    | Found a huge runed translucent gate.
 46925 | Elf:3    | Entered Level 3 of the Elven Halls
 47382 | Elf:3    | Reached XP level 21. HP: 189/189 MP: 30/30
 47592 | Elf:3    | Identified the +5 ring mail of the Teacher {Harm rC- Regen+
                  | Dex+4}
 47603 | Elf:3    | Identified the amulet of Vanao {RegenMP -Tele Rampage *Slow
                  | Int+8}
 47694 | Elf:3    | Identified the +1 pair of boots of Distant Shores {Int+3
                  | Dex+4 Slay+2}
 47725 | Elf:3    | Identified the +0 rapier "Zututsoazy" {heavy, +Blink rElec
                  | Will++ Stlth+}
 48528 | Crypt:1  | Entered Level 1 of the Crypt
 48552 | Crypt:1  | Reached skill level 5 in Translocations
 48553 | Crypt:1  | Noticed Sojobo
 48562 | Crypt:1  | Killed Sojobo
 48563 | Crypt:1  | Reached skill level 5 in Hexes
 48711 | Crypt:1  | Reached skill level 5 in Spellcasting
 49517 | Crypt:3  | Entered Level 3 of the Crypt
 50061 | Crypt:3  | Found the +8 demon blade "Leech" {evervamp, Harm Drain rN+}
 50070 | Crypt:3  | Got the Catalogue of Perfectionism
 50295 | Crypt:3  | Found a staircase to the Tomb.
 50998 | Depths:1 | Entered Level 1 of the Depths
 51003 | Depths:1 | Reached XP level 22. HP: 196/196 MP: 38/38
 51092 | Depths:1 | Found Rodous's Hallowed Reliquary.
 51120 | Depths:1 | Identified the +3 great mace "Larex" {heavy, Will+}
 51121 | Depths:1 | Found a transporter.
 51121 | Depths:1 | Identified the +8 great mace of Calculation {flame, rPois
                  | Str+5 Int+5}
 51121 | Depths:1 | Noticed sanka's ghost (journeyman TrMo)
 51125 | Depths:1 | Found a transporter.
 51182 | Depths:1 | Identified the +8 ring mail of Aghias {Fly rC+ Dex+2}
 51229 | Depths:1 | Found a gateway to Hell.
 51307 | Depths:1 | Identified the +0 pair of boots "Gyluxigh" {Str+2}
 51979 | Depths:2 | Found a transporter.
 51985 | Depths:2 | Found a transporter.
 52116 | Depths:2 | Found a one-way gate to the infinite horrors of the Abyss.
 52699 | Depths:3 | Reached skill level 10 in Translocations
 52823 | Depths:3 | Reached skill level 10 in Hexes
 53371 | Depths:4 | Entered Level 4 of the Depths
 53596 | Depths:4 | Identified the ring of Bomif {Ice rCorr Int-4 SInv}
 53596 | Depths:4 | Noticed Josephina
 53601 | Depths:4 | Killed Josephina
 53621 | Depths:4 | Found a transporter.
 53701 | Depths:4 | Noticed a juggernaut
 53712 | Depths:4 | Killed a juggernaut
 53813 | Depths:4 | Found a transporter.
 53820 | Depths:4 | Reached skill level 10 in Spellcasting
 53823 | Depths:4 | Found a transporter.
 53844 | Depths:4 | Found a transporter.
 53868 | Depths:4 | Found a one-way gateway to a ziggurat.
 53959 | Depths:4 | Found a transporter.
 53967 | Depths:4 | Found a transporter.
 54216 | Depths:4 | Found a gate to the Realm of Zot.
 54994 | Vaults:4 | Bought a scroll of acquirement for 988 gold pieces
 54995 | Vaults:4 | Acquired the +2 hat "Gudwiq" {Fly rPois MP-9 Str+7}
 54999 | Vaults:4 | Bought a scroll of acquirement for 988 gold pieces
 55001 | Vaults:4 | Acquired 509 gold pieces
 55393 | D:5      | Bought a manual of Fighting for 1120 gold pieces
 55634 | Slime:1  | Entered Level 1 of the Pits of Slime
 56472 | Slime:2  | Reached XP level 23. HP: 203/205 MP: 42/42
 57392 | Slime:5  | Entered Level 5 of the Pits of Slime
 57670 | Slime:5  | Paralysed by a floating eye for 3 turns
 57773 | Slime:5  | Noticed the Royal Jelly
 58007 | Slime:5  | Killed the Royal Jelly
 58015 | Slime:5  | Gained mutation: You have hidden genetic defects. [a
                  | shining eye]
 58101 | Slime:5  | Lost mutation: You have hidden genetic defects. [potion of
                  | mutation]
 58101 | Slime:5  | Gained mutation: You are frail. (-10% HP) [potion of
                  | mutation]
 58101 | Slime:5  | Gained mutation: Your spells are a little harder to cast,
                  | but a little more powerful. [potion of mutation]
 58101 | Slime:5  | Gained mutation: You occasionally lose the ability to drink
                  | potions when taking damage. [potion of mutation]
 58102 | Slime:5  | Lost mutation: You occasionally lose the ability to drink
                  | potions when taking damage. [potion of mutation]
 58102 | Slime:5  | Lost mutation: Your spells are a little harder to cast, but
                  | a little more powerful. [potion of mutation]
 58102 | Slime:5  | Gained mutation: You have sharp toenails. [potion of
                  | mutation]
 58247 | Slime:5  | Got the Elucidation of Nihilism
 58315 | Slime:5  | Got a slimy rune of Zot
 58320 | Slime:5  | Identified the +6 mace "Diora" {heavy, *Noise rPois rN+++
                  | Dex-5}
 58326 | Slime:5  | Identified the +1 giant spiked club "Piutwin" {drain, rPois
                  | rC+ Str+3 Int+3}
 58340 | Slime:5  | Identified the +1 spear "Ruwk" {holy, rF++ rN+ Int+3}
 58345 | Slime:5  | Identified the +4 chain mail of Estare {rN+ Slay+2}
 58722 | D:10     | Learned a level 4 spell: Passage of Golubria
 58722 | D:10     | Lost mutation: You have sharp toenails. [potion of
                  | mutation]
 58722 | D:10     | Lost mutation: You are frail. (-10% HP) [potion of
                  | mutation]
 58722 | D:10     | Gained mutation: You have large cloven feet. [potion of
                  | mutation]
 58989 | Vaults:5 | Entered Level 5 of the Vaults
 59472 | Vaults:5 | Noticed a dread lich
 59474 | Vaults:5 | Killed a dread lich
 59500 | Vaults:5 | Identified the +0 flail "Upruqofrar" {antimagic, rPois rF+}
 59560 | Vaults:5 | Identified the ring "Xonunt Kepp" {Ice rN++ Str+3 Int-4}
 59603 | Vaults:5 | Reached skill level 10 in Evocations
 59623 | Vaults:5 | Identified the +9 rapier of Wyrd {elec, rN++ rCorr Dex-2
                  | Stlth-}
 59684 | Vaults:5 | Acquired the +8 orange crystal plate armour {Archmagi,
                  | Int+3 Clar}
 59684 | Vaults:5 | Found the +8 orange crystal plate armour {Archmagi, Int+3
                  | Clar}
 59726 | Vaults:5 | Got a silver rune of Zot
 59785 | Vaults:5 | Noticed a dread lich
 59788 | Vaults:5 | Killed a dread lich
 59807 | Vaults:5 | Reached XP level 24. HP: 223/223 MP: 42/42
 59954 | Vaults:5 | Found the +7 captain's cutlass {speed, disarm}
 60380 | Vaults:5 | Identified the +1 robe of Viurr {rN+++ Str-4 Int+4 Stlth+}
 60465 | Vaults:5 | Identified the +0 morningstar of the World {heavy, SInv}
 60473 | Vaults:5 | Learned a level 2 spell: Blink
 60480 | Vaults:5 | Identified the +3 leather armour "Damnable Contraption"
                  | {Harm MP+9 Int+3}
 61076 | Zot:1    | Entered Level 1 of the Realm of Zot
 61473 | Zot:1    | Found a transporter.
 61496 | Zot:1    | Reached skill level 10 in Armour
 61751 | Zot:1    | Identified the +2 pair of boots of Dishonour {Harm rPois
                  | Will- Stlth+}
 61834 | Zot:1    | Identified the ring "Juryn" {Fire rN+ Stlth+}
 62056 | Zot:1    | Found a transporter.
 62126 | Zot:1    | Reached skill level 27 in Ranged Weapons
 62313 | Zot:1    | Identified the ring of Descent {+Blink Fly}
 62323 | Zot:1    | Identified the ring of Onwot {rC+ Int+6}
 62406 | Zot:2    | Noticed a Killer Klown
 62411 | Zot:2    | Killed a Killer Klown
 62733 | Zot:2    | Noticed an orb of fire
 62734 | Zot:2    | Gained mutation: You are weak. (Str -2) [an orb of fire]
 62735 | Zot:2    | Gained mutation: You have hidden genetic defects. [an orb
                  | of fire]
 62738 | Zot:2    | Killed an orb of fire
 62752 | Zot:2    | Lost mutation: You have hidden genetic defects. [potion of
                  | mutation]
 62752 | Zot:2    | Lost mutation: You have large cloven feet. [potion of
                  | mutation]
 62752 | Zot:2    | Gained mutation: Your movements are slightly less
                  | encumbered by armour. (ER -2) [potion of mutation]
 62752 | Zot:2    | Gained mutation: You are covered in fur. (AC +1) [potion of
                  | mutation]
 62769 | Zot:2    | Identified the amulet of Juqe {RegenMP rC+ Regen+ Int+3
                  | Dex-2}
 63455 | Zot:3    | Noticed Vv
 63459 | Zot:3    | Killed Vv
 63790 | Zot:3    | You are sucked into a shaft and drop 1 floor!
 63882 | Zot:4    | Found the +4 dragonskin cloak
 63882 | Zot:4    | Noticed Tiamat
 64165 | Zot:4    | Found a runed translucent door.
 64167 | Zot:4    | Noticed Flugkiller's ghost (adept FeRe)
 64369 | Zot:4    | Killed Tiamat
 64690 | Zot:3    | Noticed an orb of fire
 64713 | Zot:3    | Killed an orb of fire
 64863 | Zot:3    | Reached XP level 25. HP: 218/231 MP: 44/44
 65483 | Depths:2 | Identified the ring "Luvakidgh" {Will+ rCorr Str+3 Int+6
                  | Dex-2}
 65627 | Depths:1 | Killed sanka's ghost
 65957 | Lair:3   | Killed theswoord's ghost
 66464 | Zig:1    | Entered Level 1 of a ziggurat
 66516 | Zig:2    | Entered Level 2 of a ziggurat
 66533 | Zig:3    | Entered Level 3 of a ziggurat
 66560 | Zig:3    | Identified the ring "Tauzimuo" {Wiz rC+ Dex+4 Stlth-}
 66567 | Zig:4    | Entered Level 4 of a ziggurat
 66600 | Zig:5    | Entered Level 5 of a ziggurat
 66638 | Zig:5    | Identified the +1 scale mail of Hopscotch {Int+3}
 66639 | Zig:5    | Identified the +1 leather armour "Boluidgh" {Stlth+}
 66642 | Zig:5    | Got the Compilation of Crystalline Corruption
 66650 | Zig:5    | Learned a level 5 spell: Silence
 66651 | Zig:6    | Entered Level 6 of a ziggurat
 66718 | Zig:7    | Entered Level 7 of a ziggurat
 66724 | Zig:7    | Noticed a dread lich
 66725 | Zig:7    | Killed a dread lich
 66726 | Zig:7    | Noticed an ancient lich
 66730 | Zig:7    | Killed an ancient lich
 66760 | Zig:7    | Identified the +2 scimitar of the Sun {heavy, rPois Int+3}
 66769 | Zig:8    | Entered Level 8 of a ziggurat
 66979 | Zig:8    | Got the Encyclopedia of Transfiguration
 66985 | Zig:9    | Entered Level 9 of a ziggurat
 67132 | Zig:9    | Reached XP level 26. HP: 240/240 MP: 45/45
 67134 | Zig:9    | Identified the +4 scimitar "Xuruy" {pain, rElec rF++ Str-2
                  | Dex+2}
 67135 | Zig:9    | Identified the -1 pair of boots of Sarch {Regen+ Stlth+}
 67143 | Zig:10   | Entered Level 10 of a ziggurat
 67295 | Zig:10   | Identified the +0 leather armour "Kasiol" {rElec rC++
                  | rCorr}
 67304 | Zig:10   | Identified the +2 quarterstaff "Xom's Flight of Fancy"
                  | {freeze, Fragile +Blink rF++ Str+2}
 67313 | Zig:11   | Entered Level 11 of a ziggurat
 67313 | Zig:11   | Noticed a dread lich
 67321 | Zig:11   | Noticed a dread lich
 67322 | Zig:11   | Killed a dread lich
 67326 | Zig:11   | Noticed an ancient lich
 67327 | Zig:11   | Killed a dread lich
 67327 | Zig:11   | Noticed an ancient lich
 67334 | Zig:11   | Killed an ancient lich
 67345 | Zig:11   | Killed an ancient lich
 67541 | Zig:11   | Identified the +10 morningstar of Earthquakes {elec, +Blink
                  | Dex+5}
 67556 | Zig:12   | Entered Level 12 of a ziggurat
 67579 | Zig:12   | Noticed Doifran the pandemonium lord
 67588 | Zig:12   | Killed Doifran the pandemonium lord
 67588 | Zig:12   | Gained mutation: You occasionally lose the ability to drink
                  | potions when taking damage. [a cacodemon]
 67589 | Zig:12   | Gained mutation: Your body sometimes deteriorates upon
                  | taking damage. [a cacodemon]
 67590 | Zig:12   | Gained mutation: You have hidden genetic defects. [a
                  | cacodemon]
 67678 | Depths:4 | Lost mutation: You are covered in fur. (AC +1) [potion of
                  | mutation]
 67678 | Depths:4 | Lost mutation: You occasionally lose the ability to drink
                  | potions when taking damage. [potion of mutation]
 67678 | Depths:4 | Lost mutation: You have hidden genetic defects. [potion of
                  | mutation]
 67678 | Depths:4 | Gained mutation: Your flesh is cold resistant. (rC+)
                  | [potion of mutation]
 67678 | Depths:4 | Gained mutation: Armour fits poorly on your strangely
                  | shaped body. [potion of mutation]
 67678 | Depths:4 | Gained mutation: You are partially covered in iridescent
                  | scales. (AC +2) [potion of mutation]
 68642 | Zot:5    | Entered Level 5 of the Realm of Zot
 68987 | Zot:5    | Noticed an ancient lich
 68987 | Zot:5    | Noticed a dread lich
 68988 | Zot:5    | Killed a dread lich
 68989 | Zot:5    | Killed an ancient lich
 69002 | Zot:5    | Noticed an orb of fire
 69004 | Zot:5    | Gained mutation: You are frail. (-10% HP) [an orb of fire]
 69007 | Zot:5    | Killed an orb of fire
 69014 | Zot:5    | Noticed an orb of fire
 69017 | Zot:5    | Killed an orb of fire
 69032 | Zot:5    | Reached XP level 27. HP: 225/225 MP: 45/46
 69071 | Zot:5    | Noticed an ancient lich
 69074 | Zot:5    | Killed an ancient lich
 69077 | Zot:5    | Noticed an orb of fire
 69083 | Zot:5    | Killed an orb of fire
 69092 | Zot:5    | Noticed a dread lich
 69106 | Zot:5    | Noticed an orb of fire
 69108 | Zot:5    | Killed an orb of fire
 69119 | Zot:5    | Noticed an ancient lich
 69126 | Zot:5    | Killed an ancient lich
 69236 | Zot:5    | Got the Orb of Zot
 69276 | Zot:5    | Killed a dread lich
 69444 | Zot:1    | Noticed Caumeu the pandemonium lord
 69451 | Zot:1    | Killed Caumeu the pandemonium lord
 69512 | Depths:4 | Noticed Guodex the pandemonium lord
 69513 | Depths:4 | Killed Guodex the pandemonium lord
 69643 | D:15     | Noticed Uwneps the pandemonium lord
 69644 | D:15     | Killed Uwneps the pandemonium lord
 69669 | D:13     | Noticed Plog the pandemonium lord
 69670 | D:13     | Gained mutation: You are clumsy. (Dex -2) [a neqoxec]
 69678 | D:13     | Killed Plog the pandemonium lord
 69709 | D:13     | Lost mutation: You are partially covered in iridescent
                  | scales. (AC +2) [potion of mutation]
 69709 | D:13     | Lost mutation: Your flesh is cold resistant. (rC+) [potion
                  | of mutation]
 69709 | D:13     | Lost mutation: You are clumsy. (Dex -2) [potion of
                  | mutation]
 69709 | D:13     | Gained mutation: You have large cloven feet. [potion of
                  | mutation]
 69710 | D:13     | Lost mutation: You are frail. (-10% HP) [potion of
                  | mutation]
 69710 | D:13     | Lost mutation: Armour fits poorly on your strangely shaped
                  | body. [potion of mutation]
 69710 | D:13     | Lost mutation: Your body sometimes deteriorates upon taking
                  | damage. [potion of mutation]
 69710 | D:13     | Gained mutation: You have very sharp teeth. [potion of
                  | mutation]
 69710 | D:13     | Gained mutation: You are partially covered in large bone
                  | plates. (SH +4) [potion of mutation]
 69710 | D:13     | Gained mutation: You are frail. (-10% HP) [potion of
                  | mutation]
 69710 | D:13     | Gained mutation: You have hoof-like feet. [potion of
                  | mutation]
 69915 | D:$      | Escaped with the Orb!

Illustrated notes

Levels and vault maps discovered:
D:1:      dpeg_arrival_arbitrary_b, layout_basic, nicolae_grassy_gnolls
D:2:      layout_basic, ebering_ecumenical_altar_abandoned,
          chequers_serial_rivers_large_a, uniq_terence, uniq_robin
D:3:      cheibrodos_pilgrimage, layout_basic
D:4:      layout_cave_pods, nicolae_overflow_hidden_temple, uniq_ijyb
D:5:      layout_layer_cave, nicolae_shop_self_help, uniq_prince_ribbit1
D:6:      layout_loops_ring, ebering_ghost_sewer_f
D:7:      layout_basic, okawaru_ov_weapons_minmay,
          minmay_temple_entry_statues_fountains
D:8:      layout_loops_ring, enter_bailey_5, special_room [special_room_orc],
          lightli_corner_chamber
D:9:      layout_roguey, serial_demonic, serial_demonic_c, serial_demonic_g,
          serial_demonic_d, serial_demonic_e, minmay_misc_feat_chi
D:10:     layout_cave_pools, gammafunk_temple_overflow_forgotten,
          minmay_lair_entry_grove
D:11:     layout_gridville, nicolae_dithmenos_the_darkroom
D:12:     layout_irregular_city, orc_0_dummy
D:13:     layout_cave_pools
D:14:     layout_basic, david_vaults_1, nicolae_elyvilon_peaceful_grove
D:15:     hangedman_depths_entry_try_elsewhere_first, layout_loops_ring,
          nicolae_uskayaw_suspiria, uniq_louise
Lair:1:   layout_regular_city, minmay_shattered_shrine
Lair:2:   beast_lair_carwin_large_3, layout_regular_city,
          minmay_shoals_entry_hut, minivault_11, pdpol_lair_cavern_descent
Lair:3:   layout_roguey, spider_nest_entry_webs,
          gammafunk_ghost_wrathful_warriors, nicolae_volcano_entry_batcave,
          beast_lair_carwin_7
Lair:4:   layout_roguey, nicolae_slime_entry_field_trip
Lair:5:   minmay_lair_end_enchanted_forest, layout_long_grid, basic_altar,
          grunt_megastairs_1
Shoals:1: layout_shoals, st_cyclops
Shoals:2: layout_shoals, serial_shops, nicolae_shop_hallway_plus
Shoals:3: layout_shoals
Shoals:4: shoals_end_simple, layout_shoals, uniq_polyphemus
Spider:1: nicolae_spider_mines_3, uniq_aizul, uniq_donald
Spider:2: layout_chambers, nicolae_spider_circle_web
Spider:3: nicolae_spider_hilbert_zone_3 [nicolae_spider_hilbert_4_sides_2_open,
          nicolae_spider_hilbert_3_sides_1_open,
          nicolae_spider_hilbert_3_sides_1_open,
          nicolae_spider_hilbert_3_sides_1_open,
          nicolae_spider_hilbert_3_sides_1_open,
          nicolae_spider_hilbert_4_sides_1_open,
          nicolae_spider_hilbert_4_sides_1_open,
          nicolae_spider_hilbert_4_sides_1_open,
          nicolae_spider_hilbert_4_sides_1_open,
          nicolae_spider_hilbert_4_sides_1_open,
          nicolae_spider_hilbert_4_sides_1_open,
          nicolae_spider_hilbert_4_sides_1_open,
          nicolae_spider_hilbert_4_sides_1_open,
          nicolae_spider_hilbert_3_sides_1_open,
          nicolae_spider_hilbert_3_sides_1_open,
          nicolae_spider_hilbert_3_sides_1_open,
          nicolae_spider_hilbert_3_sides_1_open],
          nicolae_spider_some_kinda_spiderbox
Spider:4: grunt_spider_rune_circles, nicolae_spider_claw_tunnel
Slime:1:  layout_caves
Slime:2:  layout_caves
Slime:3:  layout_caves, basic_altar, nicolae_slime_crime_time
Slime:4:  layout_caves
Slime:5
Orc:1:    layout_diamond_mine, ebering_ghost_disaster_area, serial_shops, shop
Orc:2:    pf_orc_diabolical, layout_diamond_mine, uniq_nessos
Elf:1:    eino_elf_arrival_shootout, layout_geoelf_grid, serial_shops,
          nicolae_shop_hallway_plus, basic_altar, minmay_elf_sorcery,
          minivault_27, grunt_megastairs_4, uniq_jorgrun
Elf:2:    elven_hall_of_blades_hangedman_alternative
          [nicolae_blade_entry_area_security], layout_rooms,
          portal_desolation_entry_garden, serial_shops, nicolae_shop_trees
Elf:3:    elf_hall_gauntlet_narrow, layout_geoelf_octagon,
          nicolae_elf_free_trip_to_the_abyss, grunt_megastairs_2
Vaults:1: mu_enter_wizlab_1, ontoclasm_vaults_chip, v_misc_15,
          nicolae_vaults_diagonal_hallway_7, v_misc_28, v_misc_15, v_misc_3,
          dpeg_vaults_monster_box, v_rooms_1, vaults_room_ringed_pool,
          vaults_mumra_hexcomb, nicolae_vaults_little_squares_3,
          layout_vaults_omnicross, serial_shops, nicolae_shop_statue_plus
Vaults:2: minmay_crypt_entry_simple_corners, nicolae_vaults_sealed_display,
          v_alt_pattern_6, ontoclasm_vaults_gallery, nicolae_vaults_theta,
          vaults_dpeg_encased_lava, vaults_room_door_ring, vaults_dpeg_ring,
          nicolae_vaults_little_squares_6, layout_vaults_omnigrid, uniq_mara
Vaults:3: nicolae_vaults_disjoint_gnomons, vaults_dpeg_emergency_exit,
          vaults_mumra_minichess, st_cells, hangedman_vaults_stream,
          vaults_room_large_hall, nicolae_vaults_three_branches,
          hangedman_vaults_variations, nicolae_vaults_gold_heap,
          nicolae_vaults_theta, layout_vaults_maze, uniq_margery
Vaults:4: vaults_room_pools, hangedman_vaults_unwind,
          nicolae_vaults_network_periphery, hangedman_vaults_nails,
          hangedman_vaults_capsules, nicolae_vaults_network_barrier,
          vaults_room_grid, v_rooms_4, v_misc_25, vaults_room_hallway,
          nicolae_vaults_ring_of_whatevers, layout_vaults_ring, serial_shops,
          shop
Vaults:5: serial_shops
Crypt:1:  layout_misc_corridors, skrybe_necro_troll_1,
          grunt_crypt_arrival_webbed, uniq_sojobo
Crypt:2:  layout_basic, roderic_lattice_octagonal_star
Crypt:3:  church_of_pain_bobbens, layout_chaotic_city,
          nicolae_tomb_entry_rubble_hallway
Depths:1: layout_honeycomb, hellmonk_bongcloud_opening, hell_entry,
          gammafunk_ghost_smash, minmay_misc_feat_doors, drop_trap,
          st_stairs_11, nicolae_good_shop
Depths:2: gammafunk_jiyva_shrine, layout_small_grid, hell_entry,
          rand_demon_pan_entry_1, minmay_door_square, abyss_entry,
          minmay_staircase_bubble
Depths:3: nicolae_moon_pools, layout_gridlike, minmay_room_of_horrors,
          kennysheep_another_room, hell_entry, minmay_strange_pillars
Depths:4: grunt_zot_entry_gee_three, layout_basic, enter_ziggurat_a, pan_entry,
          abyss_entry, grunt_hell_entry_dis_old, serial_nicolae_subway,
          nicolae_sub_station_metal, nicolae_sub_station_stone,
          nicolae_sub_station_crystal, uniq_josephina
Zot:1:    gammafunk_its_a_trap, layout_onion_interference,
          st_large_dragon_hoard_2
Zot:2:    kennysheep_blocky_room, layout_gridlike
Zot:3:    layout_concentric_octagons, uniq_vv
Zot:4:    layout_gridlike, ebering_ghost_inner_flame, uniq_tiamat
Zot:5:    layout_gridlike

Skill      XL: |  1  2  3  4  5  6  7  8  9 10 11 12 13 14 15 16 17 18 19 20 21 22 23 24 25 26 27 |
---------------+----------------------------------------------------------------------------------+-----
Ranged Weapons | 4 5 6 7 8 10 11 13 15 17 18 19 23 24 26 27 | 27.0
Dodging        | 3 4 5 8 11 12 14 15 17 18 19 20 21 22 | 22.7
Stealth        | 3 |  3.2
Fighting       | 2 4 6 10 11 13 14 15 16 17 19 20 21 22 | 22.2
Evocations     | 2 3 4 7 11 | 11.3
Armour         | 7 9 13 | 13.1
Hexes          | 3 8 11 12 13 14 | 14.8
Translocations | 3 8 11 12 | 12.7
Spellcasting   | 3 7 10 11 12 13 | 13.6
Staves         | |  1.7

Action                     |  1- 3 |  4- 6 |  7- 9 | 10-12 | 13-15 | 16-18 | 19-21 | 22-24 | 25-27 || total
---------------------------+-------+-------+-------+-------+-------+-------+-------+-------+-------++-------
  Melee: Sling             |       |       |     1 |       |       |       |       |       |       ||     1
         Whip              |       |       |    14 |       |       |       |       |       |       ||    14
         Triple crossbow   |       |       |       |       |       |       |       |     1 |    13 ||    14
   Fire: Sling             |   115 |   218 |   467 |    43 |       |       |       |       |       ||   843
         Arbalest          |       |       |       |   423 |  1266 |   781 |       |    20 |       ||  2490
         Triple crossbow   |       |       |       |       |       |   376 |  1049 |  1130 |   526 ||  3081
   Cast: Portal Projectile |       |       |       |       |       |       |     1 |     4 |    11 ||    16
         Leda's Liquefacti |       |       |       |       |       |       |       |     1 |     8 ||     9
         Blink             |       |       |       |       |       |       |       |     1 |     1 ||     2
  Evoke: Wand              |       |     2 |    19 |       |     4 |       |     1 |     1 |       ||    27
         Condenser vane    |       |       |       |     1 |       |     1 |       |     1 |       ||     3
         Phial of floods   |       |       |       |       |       |       |     1 |       |       ||     1
         Box of beasts     |       |       |       |       |       |       |       |     1 |       ||     1
    Use: Potion            |       |     7 |     2 |     4 |       |     3 |       |    12 |    13 ||    41
         Scroll            |       |     6 |     9 |    12 |     9 |    11 |     4 |    13 |     6 ||    70
   Stab: Paralysed         |       |       |    13 |       |       |       |       |       |       ||    13
 Armour: Robe              |    13 |    20 |       |       |       |       |       |       |       ||    33
         Leather armour    |       |       |    25 |    23 |    87 |   106 |       |       |       ||   241
         Troll leather arm |       |       |       |       |       |     8 |    52 |   102 |   117 ||   279
  Dodge: Dodged            |    28 |    49 |   141 |   179 |   622 |   980 |   762 |  1405 |  1361 ||  5527
  Block: Other             |       |       |       |    35 |   129 |   179 |   127 |   174 |   198 ||   842
         Reflection        |       |       |       |       |    11 |    16 |    17 |    19 |     7 ||    70

Table legend: (Time is in decaauts)
 A = Elapsed time spent in this place.
 B = Non-inter-level travel time spent in this place.
 C = Inter-level travel time spent in this place.
 D = Time resting spent in this place.
 E = Time spent auto-exploring this place.
 F = Levels seen in this place.
 G = Mean time per level.
                   A        B        C        D        E       F      G
               +--------+--------+--------+--------+--------+-----+--------+
         Total |  72080 |  62540 |   9540 |  13384 |  33647 |  72 | 1001.1 |
       Dungeon |  18511 |  14872 |   3639 |   3319 |   8775 |  15 | 1234.1 |
          Lair |   7624 |   6428 |   1196 |   1411 |   3772 |   5 | 1524.8 |
        Shoals |   3715 |   3513 |    202 |    295 |   2454 |   4 |  928.8 |
   Spider Nest |   5845 |   5560 |    285 |   1860 |   2642 |   4 | 1461.2 |
    Slime Pits |   3109 |   2820 |    289 |    428 |   1577 |   5 |  621.8 |
  Orcish Mines |   2450 |   2089 |    361 |    486 |   1217 |   2 | 1225.0 |
   Elven Halls |   3833 |   3443 |    390 |    892 |   1618 |   3 | 1277.7 |
        Vaults |   8099 |   6473 |   1626 |    773 |   3831 |   5 | 1619.8 |
         Crypt |   2435 |   2346 |     89 |    164 |   1493 |   3 |  811.7 |
        Depths |   4699 |   3788 |    911 |    301 |   2572 |   4 | 1174.8 |
           Zot |   5404 |   4856 |    548 |    879 |   2580 |   5 | 1080.8 |
         Abyss |     40 |     40 |      0 |      0 |      0 |   1 |   40.0 |
      Ziggurat |   1254 |   1254 |      0 |    474 |     38 |  12 |  104.5 |
        Bailey |   2190 |   2190 |      0 |   1334 |    158 |   1 | 2190.0 |
       Volcano |    381 |    381 |      0 |     72 |    187 |   1 |  381.0 |
        Wizlab |   1685 |   1685 |      0 |    607 |    586 |   1 | 1685.0 |
    Desolation |    799 |    799 |      0 |     84 |    145 |   1 |  799.0 |
               +--------+--------+--------+--------+--------+-----+--------+

Top non-repeatable levels by time:
  Bailey: 2190 daAuts
  Lair:2: 2117 daAuts
Spider:3: 1996 daAuts
Spider:4: 1792 daAuts
Vaults:4: 1762 daAuts
Vaults:2: 1737 daAuts
     D:3: 1727 daAuts
   Orc:2: 1696 daAuts
  WizLab: 1685 daAuts
     D:6: 1660 daAuts
  Lair:5: 1631 daAuts
Vaults:3: 1572 daAuts
   Elf:3: 1555 daAuts
  Lair:1: 1539 daAuts
Vaults:1: 1535 daAuts
